[Event "ICC tourney 1970 (45 10)"]
[Site "Internet Chess Club"]
[Date "2020.08.22"]
[Round "4"]
[White "miyzhang"]
[Black "ChezBro"]
[Result "1/2-1/2"]
[ICCResult "Game drawn by repetition"]
[WhiteElo "1253"]
[BlackElo "1100"]
[Opening "Pirc: Austrian attack"]
[ECO "B09"]
[NIC "PU.06"]
[Time "18:32:47"]
[TimeControl "2700+10"]

1. e4 d6 2. d4 Nf6 3. Nc3 g6 4. f4 Bg7 5. Nf3 O-O 6. Bc4 Nfd7 7. O-O c5 8.
d5 Nb6 9. Be2 f5 10. exf5 Bxf5 11. Bd3 Bxc3 12. bxc3 Nxd5 13. Bc4 e6 14.
Bxd5 exd5 15. Qxd5+ Kh8 16. Bb2 Nd7 17. Ng5 c4 18. Nf7+ Rxf7 19. Qxf7 Qb6+
20. Kh1 Qxb2 21. Qxc4 Qb6 22. Rab1 Qc5 23. Qxc5 Nxc5 24. Rbc1 Ne4 25. Rfe1
Nxc3 26. Re7 b6 27. Rce1 a5 28. Rb7 Nd5 29. c4 Nxf4 30. Ree7 g5 31. Rxb6 d5
32. Rc7 Re8 33. Kg1 dxc4 34. Rxc4 Re1+ 35. Kf2 Nd3+ 36. Kf3 Ne5+ 37. Kf2
Nxc4 38. Rb8+ Kg7 39. Kxe1 Nd6 40. Ra8 Be4 41. Rxa5 Bxg2 42. Rxg5+ Kf6 43.
Rxg2 Ne4 44. a4 Nc5 45. a5 Ke5 46. Rg5+ Kd4 47. Rxc5 Kxc5 48. Kf2 Kb5 49.
Kf3 Kxa5 50. Kg4 Kb6 51. Kg5 Kc7 52. Kh6 Kd8 53. Kxh7 Ke8 54. h4 Kf8 55. h5
Kf7 56. Kh8 Kf8 57. Kh7 Kf7 58. h6 Kf8 59. Kg6 Kg8 60. Kh5 Kh8 61. Kg6 Kg8
62. Kf6 Kh7 63. Kg5 Kh8 64. Kg6 Kg8 65. Kg5 Kh7 66. Kh5 Kh8 67. Kg6 Kg8 68.
Kg5 Kh7 69. Kh5 Kh8 {Game drawn by repetition} 1/2-1/2

[Event "ICC tourney 1970 (45 10)"]
[Site "Internet Chess Club"]
[Date "2020.08.23"]
[Round "5"]
[White "firelionpro"]
[Black "swiecsd"]
[Result "0-1"]
[ICCResult "White checkmated"]
[WhiteElo "835"]
[BlackElo "832"]
[Opening "Ruy Lopez: classical (Cordel) defense"]
[ECO "C64"]
[NIC "RL.01"]
[Time "11:10:05"]
[TimeControl "2700+10"]

1. e4 e5 2. Nf3 Nc6 3. Bb5 Bc5 4. O-O d6 5. Bc4 Nf6 6. Ng5 O-O 7. Qf3 Nd4 8.
Qd3 Bg4 9. Nc3 h6 10. Nf3 Nxf3+ 11. gxf3 Bh3 12. Re1 Nh5 13. Qd5 Qg5+ 14.
Kh1 Qg2# {White checkmated} 0-1

[Event "ICC tourney 1970 (45 10)"]
[Site "Internet Chess Club"]
[Date "2020.08.23"]
[Round "5"]
[White "oliver-kc"]
[Black "kushagra12"]
[Result "1/2-1/2"]
[ICCResult "White stalemated"]
[WhiteElo "455"]
[BlackElo "777"]
[Opening "Sicilian: Pelikan (Lasker/Sveshnikov) variation"]
[ECO "B33"]
[NIC "SI.35"]
[Time "11:09:50"]
[TimeControl "2700+10"]

1. e4 c5 2. Nf3 Nc6 3. d4 cxd4 4. Nxd4 Nf6 5. Nc3 e5 6. Nb3 Bb4 7. Bd2 Bxc3
8. Bxc3 Nxe4 9. Qf3 Nxc3 10. Qxc3 O-O 11. O-O-O d5 12. Bc4 d4 13. Qd3 Nb4
14. Qd2 a5 15. Kb1 Bf5 16. Rc1 Qc7 17. Qe2 a4 18. a3 axb3 19. Bxb3 Qa5 20.
Qc4 Nc6 21. f3 Be6 22. Qd3 Bxb3 23. Qxb3 Rab8 24. Rhe1 b5 25. c3 dxc3 26.
Rxc3 Nd4 27. Qb4 Qxb4 28. axb4 f6 29. Rd3 Rfd8 30. Red1 Nc6 31. Rxd8+ Rxd8
32. Rxd8+ Nxd8 33. Kc2 Nc6 34. Kc3 Nd4 35. Kd3 Kf7 36. Ke4 Ke6 37. Kd3 Kd5
38. Kc3 Nc6 39. Kb3 g5 40. Kc3 h5 41. g3 f5 42. Kd3 Nxb4+ 43. Ke3 f4+ 44.
gxf4 exf4+ 45. Kf2 Kd4 46. Ke2 Nd3 47. b3 Nc1+ 48. Kd2 Nxb3+ 49. Kc2 Nc5 50.
Kb2 b4 51. Kb1 Kc3 52. Kc1 b3 53. Kb1 b2 54. h3 h4 55. Ka2 Kc2 56. Ka3 b1=Q
{White stalemated}
1/2-1/2

[Event "ICC tourney 1970 (45 10)"]
[Site "Internet Chess Club"]
[Date "2020.08.23"]
[Round "5"]
[White "emilyz"]
[Black "funstyle"]
[Result "0-1"]
[ICCResult "White checkmated"]
[WhiteElo "202"]
[BlackElo "1026"]
[Opening "French: Tarrasch"]
[ECO "C03"]
[NIC "FR.07"]
[Time "11:10:41"]
[TimeControl "2700+10"]

1. e4 e6 2. d4 d5 3. Nd2 dxe4 4. Nxe4 Nf6 5. Bd3 Nc6 6. Nxf6+ Qxf6 7. Bb5
Bd7 8. Be3 a6 9. Ba4 b5 10. Bb3 Bd6 11. Qd2 Qg6 12. Bg5 h6 13. Bf4 Bxf4 14.
Qxf4 Qxg2 15. O-O-O Qxh1 16. Nf3 Qg2 17. Kb1 Qg6 18. Qh4 O-O 19. Ne5 Nxe5
20. dxe5 Bc6 21. f4 Bf3 22. Rf1 Qg4 23. Qf2 Rad8 24. c3 Be4+ 25. Bc2 Bxc2+
26. Qxc2 Qf5 27. Rc1 Qxc2+ 28. Rxc2 Rd1+ 29. Rc1 Rxc1+ 30. Kxc1 Rd8 31. Kc2
g5 32. fxg5 hxg5 33. h3 f5 34. exf6 Kf7 35. b4 Kxf6 36. a3 e5 37. c4 bxc4
38. Kc3 e4 39. Kxc4 e3 40. a4 e2 41. b5 axb5+ 42. axb5 e1=Q 43. Kc5 Qc3#
{White checkmated}
0-1

[Event "ICC tourney 1970 (45 10)"]
[Site "Internet Chess Club"]
[Date "2020.08.23"]
[Round "5"]
[White "JKnapp"]
[Black "ab4gm"]
[Result "0-1"]
[ICCResult "White checkmated"]
[WhiteElo "789"]
[BlackElo "1030"]
[Opening "Queen's pawn game, Chigorin variation"]
[ECO "D02"]
[NIC "QP.08"]
[Time "11:09:56"]
[TimeControl "2700+10"]

1. d4 d5 2. Nf3 Nc6 3. Nc3 Nf6 4. Bg5 Bf5 5. e3 Nb4 6. Bd3 Nxd3+ 7. cxd3 h6
8. Bxf6 exf6 9. e4 dxe4 10. dxe4 Bg4 11. Qd3 Bxf3 12. Qxf3 Qxd4 13. O-O Bd6
14. Rad1 Qe5 15. g3 O-O 16. Nd5 Rfe8 17. Rfe1 Qxb2 18. Qg4 Qe5 19. Rd3 Qg5
20. Qxg5 fxg5 21. Rf3 c6 22. Nc3 Bb4 23. Rd1 Bxc3 24. Rxc3 Rxe4 25. Rd7 Rb8
26. Rf3 f6 27. Re3 Rxe3 28. fxe3 a6 29. Kf2 b5 30. Ke2 a5 31. Kd2 a4 32. Rc7
b4 33. Rxc6 b3 34. axb3 axb3 35. Rc1 b2 36. Rb1 Rd8+ 37. Kc2 Re8 38. Kd3
Rd8+ 39. Ke2 Rb8 40. Kd3 Rb3+ 41. Kd2 f5 42. Kc2 Rxe3 43. Rxb2 Re2+ 44. Kc3
Rxb2 45. Kxb2 f4 46. gxf4 gxf4 47. Kc2 g5 48. Kd2 Kg7 49. Ke2 Kg6 50. Kf3
Kh5 51. Kg2 Kh4 52. Kg1 Kh3 53. Kh1 f3 54. Kg1 g4 55. Kh1 g3 56. Kg1 gxh2+
57. Kh1 Kg4 58. Kxh2 Kf4 59. Kg1 Ke3 60. Kf1 f2 61. Kg2 Ke2 62. Kg3 f1=Q 63.
Kh4 Qg2 64. Kh5 Qg3 65. Kxh6 Qg4 66. Kh7 Qg5 67. Kh8 Kd3 68. Kh7 Ke4 69. Kh8
Kf5 70. Kh7 Kf6 71. Kh8 Qg7# {White checkmated} 0-1

[Event "ICC tourney 1970 (45 10)"]
[Site "Internet Chess Club"]
[Date "2020.08.23"]
[Round "5"]
[White "gbuckley"]
[Black "mithu542"]
[Result "1-0"]
[ICCResult "Black checkmated"]
[WhiteElo "1129"]
[BlackElo "766"]
[Opening "Sicilian defense"]
[ECO "B32"]
[NIC "SI.32"]
[Time "11:09:59"]
[TimeControl "2700+10"]

1. e4 c5 2. Nf3 Nc6 3. d4 cxd4 4. Nxd4 Nxd4 5. Qxd4 Nf6 6. e5 Ng8 7. Nc3 b6
8. Qd1 Bb7 9. Be3 g6 10. f4 e6 11. Qd2 Ne7 12. O-O-O Rc8 13. Nb5 Nf5 14. g4
Ng7 15. Rg1 Be7 16. Nxa7 Rc7 17. Nb5 Rc8 18. Qf2 Ba6 19. Bxb6 Rc7 20. Nxc7+
Kf8 21. Nxe6+ Ke8 22. Bxd8 Bxd8 23. Nxg7+ Kf8 24. Bxa6 Kxg7 25. f5 Re8 26.
f6+ Kg8 27. Qh4 Rxe5 28. g5 Bb6 29. Qh6 Be3+ 30. Kb1 Bxg5 31. Qg7#
{Black checkmated}
1-0

[Event "ICC tourney 1970 (45 10)"]
[Site "Internet Chess Club"]
[Date "2020.08.23"]
[Round "5"]
[White "lienegu"]
[Black "Snowzera"]
[Result "0-1"]
[ICCResult "White resigns"]
[WhiteElo "767"]
[BlackElo "1081"]
[Opening "Sicilian: dragon variation"]
[ECO "B70"]
[NIC "SI.15"]
[Time "11:09:51"]
[TimeControl "2700+10"]

1. e4 c5 2. Nf3 d6 3. d4 cxd4 4. Nxd4 Nf6 5. Nc3 g6 6. Bc4 Bg7 7. O-O Nc6 8.
Nf3 O-O 9. Re1 e5 10. Bd2 Bg4 11. h3 Bxf3 12. Qxf3 Nd4 13. Qd1 Qc7 14. b3
Rab8 15. Be3 Qc6 16. Bxd4 exd4 17. Qxd4 Nd7 18. Bb5 Bxd4 19. Bxc6 Bxc3 20.
Bxd7 Bxa1 21. Rxa1 Rbd8 22. Bb5 a6 23. Bc4 Rfe8 24. Re1 Kg7 25. Bd5 Re7 26.
Kh2 f5 27. f3 Rc8 28. c4 fxe4 29. Bxe4 d5 30. cxd5 Rc2 31. Ra1 Rd2 32. Kg3
h6 33. a3 g5 34. h4 gxh4+ 35. Kxh4 Rxg2 36. Kh3 Rd2 37. Rg1+ Kf8 38. Rg5
hxg5 {White resigns} 0-1

[Event "ICC tourney 1970 (45 10)"]
[Site "Internet Chess Club"]
[Date "2020.08.23"]
[Round "5"]
[White "neelansh2489"]
[Black "cappyal"]
[Result "1-0"]
[ICCResult "Black resigns"]
[WhiteElo "1113"]
[BlackElo "454"]
[Opening "QGD: Marshall defense"]
[ECO "D06"]
[NIC "QP.08"]
[Time "11:09:45"]
[TimeControl "2700+10"]

1. d4 d5 2. c4 Nf6 3. Nc3 dxc4 4. e4 Nc6 5. Nf3 Bg4 6. Be3 e6 7. Bxc4 Bb4 8.
Bd3 Bxf3 9. Qxf3 Nxd4 10. Bxd4 Qxd4 11. O-O Bxc3 12. bxc3 Qxc3 13. Bb5+ Qc6
14. Bxc6+ bxc6 15. Qc3 O-O 16. Qxc6 Rac8 17. Rad1 Ng4 18. h3 Ne5 19. Qc5 f6
20. Qxa7 c5 21. Qa6 Rfe8 22. f4 Nc6 23. Rd7 Nb8 24. Qb7 Nxd7 25. Qxd7 c4 26.
Rc1 c3 27. Qd3 Red8 28. Qe3 c2 29. Qe2 Kf7 30. Rxc2 Rxc2 31. Qxc2 Ke7 32.
Qc5+ Kd7 33. a4 Ra8 34. f5 exf5 35. Qd5+ {Black resigns} 1-0

[Event "ICC tourney 1970 (45 10)"]
[Site "Internet Chess Club"]
[Date "2020.08.23"]
[Round "5"]
[White "Alexpnng"]
[Black "Jaguarking"]
[Result "0-1"]
[ICCResult "White resigns"]
[WhiteElo "1189"]
[BlackElo "1161"]
[Opening "Giuoco Piano"]
[ECO "C50"]
[NIC "IG.02"]
[Time "11:09:47"]
[TimeControl "2700+10"]

1. e4 e5 2. Nf3 Nc6 3. Bc4 Bc5 4. O-O Nf6 5. Nc3 O-O 6. d3 h6 7. Be3 Bb6 8.
Bxb6 axb6 9. Nd5 d6 10. h3 Na5 11. Nxf6+ Qxf6 12. Bb3 Nxb3 13. cxb3 Qg6 14.
Kh1 c6 15. a4 Re8 16. Nd2 d5 17. Qf3 Be6 18. b4 d4 19. a5 b5 20. Rac1 f5 21.
Rc5 fxe4 22. Qxe4 Bf5 23. Qh4 Bxd3 24. Re1 e4 25. Nb3 Rad8 26. f3 Bc4 27.
Nd2 e3 28. Nxc4 bxc4 29. Rxc4 d3 30. Re4 d2 31. Rxe8+ Rxe8 32. Ra1 e2 33.
Qc4+ Kh8 {White resigns} 0-1

[Event "ICC tourney 1970 (45 10)"]
[Site "Internet Chess Club"]
[Date "2020.08.23"]
[Round "5"]
[White "LittlePawn135"]
[Black "eevee11"]
[Result "1-0"]
[ICCResult "Black checkmated"]
[WhiteElo "452"]
[BlackElo "679"]
[Opening "Ruy Lopez: exchange variation, 5.O-O"]
[ECO "C68"]
[NIC "RL.08"]
[Time "11:10:22"]
[TimeControl "2700+10"]

1. e4 e5 2. Nf3 Nc6 3. Bb5 a6 4. Bxc6 dxc6 5. O-O Bd6 6. Re1 Nf6 7. d4 Qe7
8. dxe5 Bxe5 9. Nxe5 Qxe5 10. f4 Qe7 11. e5 Nd5 12. Bd2 O-O 13. Nc3 Be6 14.
Nxd5 cxd5 15. Qe2 Qc5+ 16. Be3 d4 17. Bf2 Qb4 18. Qd3 Qxb2 19. f5 Bd7 20. f6
g6 21. Qd2 Kh8 22. Bxd4 Qb5 23. e6 Bc6 24. Qh6 Rg8 25. exf7 Qc4 26. fxg8=Q+
Rxg8 27. Qd2 Qf7 28. Re7 Qf8 29. f7+ Rg7 30. Bxg7+ Kxg7 31. Qd4+ Kh6 32. Re3
Qxf7 33. Rh3+ Kg5 34. Qh4+ Kf5 35. Rf1+ Ke6 36. Re3+ Kd6 37. Qd4+ Qd5 38.
Rf6+ Kd7 39. Qg4+ Kd8 40. Rf8+ Be8 41. Rfxe8# {Black checkmated} 1-0

[Event "ICC tourney 1970 (45 10)"]
[Site "Internet Chess Club"]
[Date "2020.08.23"]
[Round "5"]
[White "RohithRV199"]
[Black "AJRChess2011"]
[Result "0-1"]
[ICCResult "White resigns"]
[WhiteElo "860"]
[BlackElo "1182"]
[Opening "Sicilian: accelerated fianchetto, Maróczy bind, 6.Be3"]
[ECO "B38"]
[NIC "SI.31"]
[Time "11:09:53"]
[TimeControl "2700+10"]

1. e4 c5 2. Nf3 Nc6 3. c4 g6 4. d4 cxd4 5. Nxd4 Bg7 6. Be3 Nf6 7. Nc3 O-O 8.
Be2 d6 9. h3 Nd7 10. O-O Nde5 11. f4 Nd7 12. Nxc6 bxc6 13. Bd4 e5 14. fxe5
Nxe5 15. c5 Be6 16. cxd6 Qxd6 17. Be3 Qb4 18. Qc2 a5 19. a3 Bb3 20. axb4
Bxc2 21. bxa5 Rfe8 22. a6 Nd3 23. a7 Nxb2 24. Rfc1 Bxe4 25. Nxe4 Rxe4 26.
Rxc6 Rxe3 27. Rc8+ Rxc8 28. a8=Q Rxa8 29. Rxa8+ Bf8 30. Bf3 Kg7 31. Ra2 Bc5
32. Kh2 Bd6+ 33. Kg1 Bg3 34. Ra1 Nd3 35. Rf1 Ne5 36. Bd1 f5 37. Ba4 f4 38.
Bb3 Rxb3 {White resigns} 0-1

[Event "ICC tourney 1970 (45 10)"]
[Site "Internet Chess Club"]
[Date "2020.08.23"]
[Round "5"]
[White "hasinideepak"]
[Black "Tuguldur"]
[Result "0-1"]
[ICCResult "White checkmated"]
[WhiteElo "327"]
[BlackElo "880"]
[Opening "Giuoco Pianissimo"]
[ECO "C50"]
[NIC "IG.02"]
[Time "11:09:58"]
[TimeControl "2700+10"]

1. e4 e5 2. Nf3 Nc6 3. Bc4 Bc5 4. d3 d6 5. h3 h6 6. O-O Nf6 7. Nc3 Qe7 8.
Re1 Bb4 9. a3 Ba5 10. b4 Bb6 11. Nd5 Nxd5 12. Bxd5 Nd4 13. c3 Nxf3+ 14. Qxf3
c6 15. Bc4 Be6 16. Bxe6 Qxe6 17. a4 a5 18. b5 cxb5 19. axb5 Qb3 20. Ra3 Qxb5
21. c4 Qb4 22. Qe2 Bc5 23. Ra2 a4 24. Ba3 Qb6 25. Rb2 Qa7 26. Bxc5 Qxc5 27.
Rb5 Qc6 28. Rd5 a3 29. Ra1 O-O 30. d4 exd4 31. Rxd4 Ra4 32. e5 dxe5 33. Qxe5
a2 34. Rg4 g6 35. Rd1 Qb6 36. c5 Qb1 37. Qe1 a1=Q 38. Rxb1 Qa3 39. Rxa4 Qxa4
40. Rxb7 Qc6 41. Qe7 Qe6 42. Qh4 Qe5 43. c6 Ra8 44. Qxh6 Ra1+ 45. Rb1 Rxb1+
46. Qc1 Rxc1# {White checkmated} 0-1

[Event "ICC tourney 1970 (45 10)"]
[Site "Internet Chess Club"]
[Date "2020.08.23"]
[Round "5"]
[White "april2012"]
[Black "miyzhang"]
[Result "0-1"]
[ICCResult "White checkmated"]
[WhiteElo "847"]
[BlackElo "1260"]
[Opening "Queen's pawn, Mason variation, Steinitz counter-gambit"]
[ECO "D00"]
[NIC "QP.08"]
[Time "11:09:59"]
[TimeControl "2700+10"]

1. d4 d5 2. Bf4 c5 3. e3 e6 4. c3 Nf6 5. Bd3 Be7 6. Nd2 Nc6 7. Ngf3 O-O 8.
Qe2 Bd7 9. O-O-O a6 10. h3 b5 11. g4 b4 12. g5 Ne8 13. h4 bxc3 14. bxc3 cxd4
15. exd4 Qa5 16. Nb3 Qxc3+ 17. Qc2 Ba3+ 18. Kb1 Qxc2+ 19. Kxc2 Nb4+ 20. Kb1
Nxd3 21. Rxd3 e5 22. Bxe5 Bf5 23. Rd1 Bxd3+ 24. Rxd3 Rc8 25. Rd2 a5 26. Rc2
Rxc2 27. Kxc2 Bb4 28. Nc5 Bxc5 29. dxc5 f6 30. gxf6 Nxf6 31. Bd6 Rc8 32. Kb3
Ne4 33. Be7 Nxc5+ 34. Bxc5 Rxc5 35. Ka4 Rc2 36. Kxa5 Rxa2+ 37. Kb5 Rxf2 38.
Nd4 Rf4 39. Kc5 Rxh4 40. Kxd5 Rxd4+ 41. Kxd4 Kf7 42. Ke4 Ke6 43. Kf3 Kf5 44.
Kg3 Kg5 45. Kf3 Kh4 46. Kf4 g5+ 47. Kf5 g4 48. Kf6 g3 49. Kg7 g2 50. Kxh7
g1=Q 51. Kh6 Qg5+ 52. Kh7 Kg4 53. Kh8 Kf5 54. Kh7 Kf6 55. Kh8 Qg7#
{White checkmated}
0-1

[Event "ICC tourney 1970 (45 10)"]
[Site "Internet Chess Club"]
[Date "2020.08.23"]
[Round "5"]
[White "RockyWang"]
[Black "piforeveryone"]
[Result "1-0"]
[ICCResult "Black checkmated"]
[WhiteElo "559"]
[BlackElo "992"]
[Opening "Caro-Kann: advance variation"]
[ECO "B12"]
[NIC "CK.04"]
[Time "11:09:50"]
[TimeControl "2700+10"]

1. e4 c6 2. d4 d5 3. e5 Bf5 4. Nc3 e6 5. a3 c5 6. Bb5+ Nc6 7. Nge2 a6 8.
Bxc6+ bxc6 9. Bf4 Qb6 10. b3 Ne7 11. O-O Ng6 12. Bg3 h5 13. f3 h4 14. Bf2 h3
15. g4 Bxg4 16. fxg4 Qd8 17. Qd2 cxd4 18. Nxd4 c5 19. Nf3 Be7 20. Rfe1 Bh4
21. Rad1 Bxf2+ 22. Qxf2 Nh4 23. Re3 Ke7 24. Nxh4 Rxh4 25. Qxh4+ Kd7 26. Rxh3
Qxh4 27. Rxh4 Rg8 28. Ne4 Kc6 29. Ng5 Rf8 30. Rh7 g6 31. Rxf7 Rxf7 32. Nxf7
Kb5 33. h4 c4 34. h5 gxh5 35. gxh5 cxb3 36. cxb3 Kc5 37. h6 d4 38. h7 Kd5
39. h8=Q Ke4 40. Qh4+ Kf5 41. Rxd4 Kg6 42. Qf6+ Kh7 43. Rh4+ Kg8 44. Rh8#
{Black checkmated}
1-0

[Event "ICC tourney 1970 (45 10)"]
[Site "Internet Chess Club"]
[Date "2020.08.23"]
[Round "5"]
[White "LucasW2014"]
[Black "luckylol3"]
[Result "0-1"]
[ICCResult "White checkmated"]
[WhiteElo "640"]
[BlackElo "957"]
[Opening "Two knights defense"]
[ECO "C55"]
[NIC "IG.01"]
[Time "11:09:47"]
[TimeControl "2700+10"]

1. e4 e5 2. Nf3 Nc6 3. Bc4 Nf6 4. O-O Bc5 5. Nc3 O-O 6. d3 d6 7. Be3 Bxe3 8.
fxe3 Na5 9. Bb3 Nxb3 10. axb3 Bg4 11. d4 exd4 12. exd4 a6 13. Qd3 c5 14.
dxc5 dxc5 15. e5 Qxd3 16. cxd3 Nd7 17. Rae1 Rfe8 18. Nd5 Rac8 19. h3 Bxf3
20. Rxf3 Nxe5 21. Rfe3 f6 22. b4 Kf7 23. bxc5 Rxc5 24. Nf4 Rcc8 25. d4 Nc4
26. Rxe8 Rxe8 27. Rc1 Nxb2 28. Rc7+ Re7 29. Rc2 Na4 30. d5 Rd7 31. Kf2 g5
32. Ne2 Rxd5 33. Rc7+ Kg6 34. Rxb7 Nc5 35. Rb1 a5 36. Ra1 Nb3 37. Ra3 Nc5
38. Rxa5 Nd3+ 39. Ke3 Rxa5 40. Kxd3 h5 41. Ke3 f5 42. Kf2 Ra2 43. Kf3 g4+
44. hxg4 hxg4+ 45. Kf2 Kg5 46. g3 Rb2 47. Ke3 Rb3+ 48. Kd2 Rf3 49. Ke1 Kf6
50. Kd2 Ke5 51. Ke1 Ke4 52. Kd2 Rd3+ 53. Ke1 Ke3 54. Nf4 Ra3 55. Kf1 Kf3 56.
Kg1 Kxg3 57. Ne2+ Kf3 58. Nd4+ Ke4 59. Nb5 Rb3 60. Nd6+ Kf4 61. Nc4 Rc3 62.
Nd2 Rc1+ 63. Nf1 Ke4 64. Kg2 Rxf1 65. Kxf1 f4 66. Kf2 g3+ 67. Kg2 Ke3 68.
Kf1 f3 69. Kg1 Ke2 70. Kh1 g2+ 71. Kh2 f2 72. Kxg2 f1=Q+ 73. Kg3 Qf5 74. Kh4
Qg6 75. Kh3 Qg5 76. Kh2 Qg4 77. Kh1 Kf2 78. Kh2 Qh4# {White checkmated} 0-1

[Event "ICC tourney 1970 (45 10)"]
[Site "Internet Chess Club"]
[Date "2020.08.23"]
[Round "5"]
[White "RoPac"]
[Black "neptune46"]
[Result "1-0"]
[ICCResult "Black checkmated"]
[WhiteElo "722"]
[BlackElo "802"]
[Opening "Giuoco Piano: four knights variation"]
[ECO "C50"]
[NIC "IG.02"]
[Time "11:09:48"]
[TimeControl "2700+10"]

1. e4 e5 2. Nf3 Nc6 3. Bc4 Bc5 4. Nc3 Nf6 5. O-O O-O 6. d3 h6 7. Be3 Bb6 8.
Re1 Re8 9. Qd2 d6 10. Nd5 Bd7 11. Rad1 Rb8 12. c3 Ra8 13. d4 exd4 14. cxd4
Nxe4 15. Qd3 Nf6 16. Nxf6+ Qxf6 17. d5 Nb8 18. Bb5 c6 19. dxc6 bxc6 20. Bc4
Bg4 21. Qxd6 Qxd6 22. Rxd6 Bxf3 23. gxf3 Bc7 24. Rd3 Ba5 25. Red1 c5 26. Bb5
Rc8 27. Bd7 Rd8 28. Bxc5 Nxd7 29. Rxd7 Rxd7 30. Rxd7 Rc8 31. Bxa7 Rc1+ 32.
Kg2 Rc8 33. Rb7 Bd8 34. Rb8 Rxb8 35. Bxb8 Bf6 36. b4 Bd8 37. Bd6 g6 38. a4
Kg7 39. b5 Kf6 40. Bc5 Ke6 41. b6 Kd7 42. a5 Kc8 43. a6 Kb8 44. Bd6+ Ka8 45.
b7+ Ka7 46. b8=Q+ Kxa6 47. Qxd8 Ka7 48. Qb8+ Ka6 49. Qb4 Ka7 50. Bc5+ Ka8
51. Qb6 f6 52. Qa7# {Black checkmated} 1-0

[Event "ICC tourney 1970 (45 10)"]
[Site "Internet Chess Club"]
[Date "2020.08.23"]
[Round "5"]
[White "mimzhang"]
[Black "Anichess2009"]
[Result "1-0"]
[ICCResult "Black resigns"]
[WhiteElo "961"]
[BlackElo "459"]
[Opening "King's pawn opening"]
[ECO "B07"]
[NIC "VO.17"]
[Time "11:10:20"]
[TimeControl "2700+10"]

1. e4 d6 2. Nf3 Nf6 3. Nc3 g6 4. Bc4 Bg7 5. d4 O-O 6. h3 Nc6 7. g4 e5 8.
dxe5 dxe5 9. Qxd8 Rxd8 10. Bg5 Rf8 11. O-O-O Be6 12. Bb5 Rfe8 13. Nxe5 Nxe5
14. Bxe8 Rxe8 15. Rd4 Nc6 16. Rd2 h5 17. gxh5 Nxh5 18. h4 f6 19. Be3 Ne5 20.
Nb5 Re7 21. Bc5 Rd7 22. Rxd7 Bxd7 23. Nxc7 b6 24. Bd6 Ng4 25. f3 Ne5 26.
Bxe5 fxe5 27. Rd1 Bh6+ 28. Kb1 Bh3 29. Rd8+ Kf7 30. Ra8 Bg2 31. Rxa7 Bxf3
32. Nd5+ Ke6 33. Nxb6 Bxe4 34. Rc7 Kf5 35. Rf7+ Kg4 36. a4 Kxh4 37. a5 g5
38. a6 g4 39. a7 g3 40. Rf1 g2 41. Re1 Be3 42. Ka2 Kg5 43. Rxe3 g1=Q 44.
Rxe4 Nf6 45. a8=Q Nxe4 46. Qg8+ {Black resigns} 1-0

[Event "ICC tourney 1970 (45 10)"]
[Site "Internet Chess Club"]
[Date "2020.08.23"]
[Round "5"]
[White "arjunbupeshnath"]
[Black "tundrarules"]
[Result "1/2-1/2"]
[ICCResult "Game drawn by mutual agreement"]
[WhiteElo "913"]
[BlackElo "1023"]
[Opening "Two knights defense"]
[ECO "C59"]
[NIC "KP.01"]
[Time "11:09:57"]
[TimeControl "2700+10"]

1. e4 e5 2. Nf3 Nc6 3. Bc4 Nf6 4. Ng5 d5 5. exd5 Na5 6. Bb5+ c6 7. dxc6 bxc6
8. Be2 Bf5 9. Nc3 Bc5 10. d3 Qd4 11. Be3 Qd6 12. Bxc5 Qxc5 13. O-O h6 14.
Nf3 O-O 15. Qd2 Rfe8 16. a3 Nb7 17. Rfe1 Rad8 18. Rad1 Nd6 19. Bf1 Bg4 20.
Be2 Kh8 21. h3 Bh5 22. Nh2 Bg6 23. Ng4 Nxg4 24. Bxg4 Nc4 25. Qc1 Nxa3
{Game drawn by mutual agreement}
1/2-1/2

[Event "ICC tourney 1970 (45 10)"]
[Site "Internet Chess Club"]
[Date "2020.08.23"]
[Round "5"]
[White "jerryjhzhang"]
[Black "Alberttheshow"]
[Result "1-0"]
[ICCResult "Black checkmated"]
[WhiteElo "828"]
[BlackElo "533"]
[Opening "Ruy Lopez: Caro variation"]
[ECO "C70"]
[NIC "RL.09"]
[Time "11:10:41"]
[TimeControl "2700+10"]

1. e4 e5 2. Nf3 Nc6 3. Bb5 a6 4. Ba4 b5 5. Bb3 Nf6 6. O-O Bc5 7. a4 b4 8.
Re1 O-O 9. c3 d6 10. d4 exd4 11. cxd4 Bb6 12. Be3 d5 13. exd5 Nxd5 14. Bg5
Nf6 15. d5 Na5 16. Nbd2 Nxb3 17. Qxb3 Qxd5 18. Qc2 Ng4 19. Ne4 Bf5 20. Re2
f6 21. Bf4 g5 22. Rd1 Qb7 23. h3 Bxf2+ 24. Kh1 gxf4 25. hxg4 Bxe4 26. Rxe4
Bg3 27. Qc4+ Kg7 28. Re7+ Kh6 29. Rdd7 Rh8 30. Qe6 Qb6 31. Qf5 Qf2 32. Qh5#
{Black checkmated}
1-0

[Event "ICC tourney 1970 (45 10)"]
[Site "Internet Chess Club"]
[Date "2020.08.23"]
[Round "5"]
[White "ChezBro"]
[Black "akhilv"]
[Result "1/2-1/2"]
[ICCResult "Game drawn by mutual agreement"]
[WhiteElo "1063"]
[BlackElo "950"]
[Opening "Queen's pawn: stonewall attack"]
[ECO "A45"]
[NIC "QP.07"]
[Time "11:09:48"]
[TimeControl "2700+10"]

1. d4 Nf6 2. e3 d5 3. Bd3 Nc6 4. c3 e6 5. f4 Be7 6. Nf3 O-O 7. O-O Re8 8.
Ne5 Nxe5 9. fxe5 Nd7 10. e4 dxe4 11. Bxe4 c5 12. Rf3 cxd4 13. Rh3 h6 14. Qh5
Bg5 15. Bh7+ Kxh7 16. Bxg5 Qa5 17. Bxh6 Kg8 18. Rg3 Qxe5 19. Qxe5 Nxe5 20.
Bxg7 Ng6 21. Bxd4 e5 22. Bc5 b6 23. Be3 Kf8 24. Nd2 Bf5 25. Rf1 Bd3 26. Bh6+
Ke7 27. Rxd3 Rh8 28. Bg5+ Ke8 29. Re3 Rh5 30. Bf6 Kf8 31. Nf3 Re8 32. g4 Rh3
33. Kg2 Nf4+ 34. Kg1 e4 35. Bg5 Nd5 36. Kg2 Nxe3+ 37. Bxe3 Rxf3 38. Rxf3
exf3+ 39. Kxf3 Kg7 40. h4 Kg6 41. h5+ Kh7 42. Kf4 Kh6 43. Kf3+ Kh7 44. Kf4
{Game drawn by mutual agreement}
1/2-1/2

[Event "ICC tourney 1970 (45 10)"]
[Site "Internet Chess Club"]
[Date "2020.08.23"]
[Round "5"]
[White "bsarvagnya"]
[Black "DiamondUnicorn"]
[Result "1/2-1/2"]
[ICCResult "Game drawn by repetition"]
[WhiteElo "1012"]
[BlackElo "504"]
[Opening "Giuoco Piano"]
[ECO "C54"]
[NIC "IG.02"]
[Time "11:09:55"]
[TimeControl "2700+10"]

1. e4 e5 2. Nf3 Nc6 3. Bc4 Bc5 4. c3 Nf6 5. d4 exd4 6. cxd4 Bb4+ 7. Bd2
Bxd2+ 8. Nbxd2 O-O 9. O-O h6 10. Re1 Re8 11. e5 Nh7 12. Ne4 b6 13. Ng3 Bb7
14. Bd3 Nb4 15. Bxh7+ Kxh7 16. a3 Nd5 17. Qd3+ Kg8 18. Rad1 Nf4 19. Qc3 Nd5
20. Qc2 Nf4 21. Qf5 Ng6 22. Qg4 Bc8 23. Qe4 d5 24. Qe3 f5 25. Nh5 Nh4 26.
Qf4 Nxf3+ 27. Qxf3 Be6 28. Qg3 Qg5 29. Nf4 Qxg3 30. hxg3 Kh7 31. Nxe6 Rxe6
32. Kh2 Rae8 33. f4 g5 34. b4 g4 35. Kg1 b5 36. Kf2 Kg6 37. Ke3 Kf7 38. Kd3
h5 39. Kc3 Rc6+ 40. Kb3 Ree6 41. a4 bxa4+ 42. Kxa4 Ra6+ 43. Kb3 Rh6 44. Rh1
Rab6 45. Rc1 Rb7 46. Rc5 c6 47. Re1 Rb5 48. e6+ Rxe6 49. Rxe6 Kxe6 50. Rxc6+
Kf7 51. Rh6 a5 52. Rxh5 Rxb4+ 53. Kc3 Kg6 54. Rh1 Rc4+ 55. Kd3 Ra4 56. Rb1
Ra3+ 57. Kc2 Rxg3 58. Rg1 a4 59. Kb2 a3+ 60. Ka2 Rd3 61. g3 Rxd4 62. Kxa3
Rd3+ 63. Kb4 d4 64. Kc4 Rd2 65. Kb3 Kf6 66. Kc4 Ke6 67. Re1+ Kd6 68. Re5 Rg2
69. Kxd4 Rxg3 70. Rxf5 Rf3 71. Ke4 Ke6 72. Rg5 Rg3 73. f5+ Kf6 74. Rg6+ Ke7
75. Kf4 Rg1 76. Rxg4 Rxg4+ 77. Kxg4 Kf7 78. Kf4 Kf6 79. Ke4 Kf7 80. Ke5 Ke7
81. f6+ Kf8 82. Kf5 Kf7 83. Ke5 Kf8 84. Ke6 Ke8 85. Kf5 Kf7 86. Kg5 Kf8 87.
Kf4 Ke8 88. Ke5 Kf8 89. Ke6 Ke8 90. Kf5 Kf7 91. Ke5 Kf8 92. Kf4 Ke8 93. Kg4
Kf7 94. Kf5 Kf8 95. Kf4 Ke8 96. Kg5 Kf7 97. Kf5 Kf8 98. Kg6 Kg8 99. Kf5 Kf7
100. Ke5 Kf8 101. Ke6 Ke8 102. Kf5 Kf7 103. Kg5 Kf8 104. Kf4 Ke8 105. Kg4
Kf7 106. Kg5 Kf8 107. Kf4 Ke8 108. Kg4 Kf7 109. Kg5 Kf8 110. Kg6 Kg8 111.
Kh6 Kf7 112. Kg5 Kf8 113. Kg4 Kf7 114. Kg5 Kf8 {Game drawn by repetition}
1/2-1/2